AoeStats
← sethbader85

Arena

510433577Analyzed
2v2 RM · 1d ago on Oct 1, 2026· 67m 8s· 4 players
Game mode
Random Map
Map size
Medium (4 player)
Population
200
Speed
Normal
Resources
Standard
Victory
Conquest
Starting age
Dark Age
Ending age
Imperial Age
RankedLock teamsTeams togetherTeam positionsShared explorationLock speedFull tech treeHidden civsTurbo modeCheats
Victory
Defeat
🇨🇱 Vikings · Chile
1005
+14
🇨🇱 Romans · Chile
962
+16
🇺🇸 Malians · United States
1076
-19
🇺🇸 Britons · United States
860
-11
Hughes80
11:32 Feudal Age
13:39 Loom
16:59 Castle Age
14:30 Man-at-Arms
15:16 Double-Bit Axe
16:05 Horse Collar
21:00 Forging
30:41 Scale Mail Armor
31:24 Iron Casting
33:44 Chain Mail Armor
37:02 Wheelbarrow
36:30 Heavy Plow
44:06 Imperial Age
44:51 Elite Gbeto
46:29 Plate Mail Armor
45:27 Pikeman
47:21 Squires
53:02 Conscription
56:20 Capped Ram
62:54 Farimba
62:20 Light Cavalry
63:11 Bloodlines
63:32 Husbandry
63:43 Scale Barding Armor
64:00 Cavalier
67:46 Chain Barding Armor
sethbader85
6:11 Loom
10:54 Feudal Age
14:34 Horse Collar
18:32 Castle Age
16:32 Fletching
17:23 Double-Bit Axe
19:02 Padded Archer Armor
20:48 Bodkin Arrow
27:47 Crossbowman
30:32 Heavy Plow
31:36 Leather Archer Armor
36:17 Imperial Age
33:38 Town Watch
36:46 Ballistics
38:32 Bracer
42:50 Chemistry
41:39 Arbalester
44:53 Pikeman
45:22 Gambesons
45:43 Scale Mail Armor
46:19 Squires
46:05 Arson
46:26 Halberdier
49:51 Chain Mail Armor
58:47 Warwolf
61:37 Plate Mail Armor
67:13 Fortified Wall
BP | Tierruo
8:56 Loom
11:25 Feudal Age
12:25 Double-Bit Axe
17:22 Castle Age
15:31 Double-Bit Axe
15:46 Stone Mining
16:04 Horse Collar
19:31 Bow Saw
22:11 Gold Mining
22:06 Man-at-Arms
23:12 Arson
25:39 Long Swordsman
27:05 Scale Mail Armor
27:17 Forging
27:02 Town Watch
32:23 Elite Skirmisher
34:35 Gold Shaft Mining
39:20 Imperial Age
38:12 Heavy Plow
39:09 Padded Archer Armor
40:52 Fletching
41:25 Leather Archer Armor
46:46 Ring Archer Armor
48:08 Two-Handed Swordsman
48:47 Bodkin Arrow
50:27 Ballistics
51:56 Chemistry
52:17 Town Patrol
52:25 Squires
53:02 Chain Mail Armor
52:54 Bracer
54:57 Plate Mail Armor
56:32 Crop Rotation
57:09 Two-Man Saw
56:53 Champion
58:37 Iron Casting
60:19 Blast Furnace
60:20 Chieftains
61:02 Conscription
BP I Sarrapastroso
8:21 Loom
11:07 Feudal Age
11:40 Double-Bit Axe
11:36 Horse Collar
17:52 Castle Age
19:47 Heavy Plow
19:59 Bow Saw
19:41 Gold Mining
19:41 Stone Mining
22:44 Husbandry
24:18 Scale Barding Armor
25:53 Wheelbarrow
30:58 Imperial Age
28:45 Hand Cart
28:18 Town Watch
32:28 Chain Barding Armor
34:40 Bloodlines
38:38 Conscription
41:50 Forging
41:40 Scale Mail Armor
42:18 Plate Barding Armor
43:17 Elite Centurion
47:18 Iron Casting
52:00 Blast Furnace
51:00 Elite Skirmisher
51:31 Fletching
51:41 Padded Archer Armor
56:27 Bodkin Arrow
56:47 Leather Archer Armor
56:55 Ballistics
57:36 Chemistry
64:43 Ring Archer Armor
Connection lost

Rejoining the realm…

Still unreachable

The connection could not be restored.

Session expired

The server has moved on; the page needs a fresh start.